 Dungeon Crawl Stone Soup version 0.24.0-123-gd5b16e6ec5 (webtiles) character file.

Game seed: 17931073198931058697, levelgen mode: deterministic

52 Johnny the Digger (level 3, -2/26 HPs)
             Began as a Demigod Earth Elementalist on Feb 10, 2020.
             Slain by an orc
             ... wielding a +0 war axe
              (12 damage)
             ... on level 3 of the Dungeon.
             The game lasted 00:01:32 (978 turns).

Johnny the Digger (Demigod Earth Elementalist)       Turns: 978, Time: 00:01:32

Health: -2/26      AC:  3    Str: 11    XL:     3   Next: 39%
Magic:  0/9        EV: 12    Int: 21    God:
Gold:   2          SH:  0    Dex: 16    Spells: 6/7 levels left

rFire    . . .     SeeInvis .   (no weapon)
rCold    . . .     Gourm    .   (no shield)
rNeg     . . .     Faith    .   c - +0 robe
rPois    .         Spirit   .   (no helmet)
rElec    .         Reflect  .   (no cloak)
rCorr    .         Harm     .   h - +0 pair of gloves
MR       .....                  (no boots)
Stlth    ++........             (no amulet)
HPRegen  0.08/turn              (no ring)
MPRegen  0.11/turn              (no ring)

@: lethally poisoned (-2 -> -3)
A: high mp 1
a: no special abilities


You were on level 3 of the Dungeon.
You were hungry.

You visited 1 branch of the dungeon, and saw 4 of its levels.

You collected 58 gold pieces.
You spent 56 gold pieces at shops.

Inventory:

Missiles
 b - 51 stones (quivered)
Armour
 c - a +0 robe (worn)
 h - a +0 pair of gloves (worn)
Potions
 a - 2 potions of agility
 e - a potion of might {unknown}
 f - a potion of ambrosia {unknown}
 g - a potion of flight {unknown}
 i - 2 potions of cancellation
 k - a potion of berserk rage {unknown}
Comestibles
 d - 2 rations
 j - a chunk of flesh


   Skills:
 + Level 0.1 Fighting
 - Level 1.7 Dodging
 - Level 1.7 Stealth
 + Level 0.5 Unarmed Combat
 + Level 2.6 Spellcasting
   Level 0.8 Transmutations
 + Level 3.4 Earth Magic


You had 6 spell levels left.
You knew the following spells:

 Your Spells              Type           Power        Failure   Level  Hunger
a - Sandblast             Erth           ###...       3%          1    None

Your spell library contained the following spells:

 Spells                   Type           Power        Failure   Level  Hunger
 Passwall                 Tmut/Erth      ##......     9%          2    ##.....
 Stone Arrow              Conj/Erth      #.....       21%         3    ###....
 Petrify                  Tmut/Erth      ##......     50%         4    ####...
 Lee's Rapid Deconstruct  Erth           ###.......   67%         5    ######.


Dungeon Overview and Level Annotations

Branches:
Dungeon (4/15)
 Temple: D:4-7

Shops:
D:4 *


Innate Abilities, Weirdness & Mutations

You have an increased reservoir of magic. (+10% MP)


Message History

Aiming: Sandblast (safe; 3% risk of failure)
Press: ? - help, Shift-Dir - straight line, f/p - orc
Aim: an orc, wielding a +0 war axe and wearing a +0 ring mail (moderately wounded)
The blast of sand misses the orc.
b - 52 stones The orc closely misses you.
Casting: Sandblast (safe; 3% risk of failure)
Confirm with . or Enter, or press ? or * to list all spells.
Aiming: Sandblast (safe; 3% risk of failure)
Press: ? - help, Shift-Dir - straight line, f/p - orc
Aim: an orc, wielding a +0 war axe and wearing a +0 ring mail (moderately wounded)
The blast of sand hits the orc but does no damage.
The orc is moderately wounded.
b - 51 stones You feel sick.
The orc misses you.
You feel sick.
Okay, then.
The orc hits you with a +0 war axe!
You die...

########
##......##
#.........
#..###.##
#@.#.....#
#.o#.###.#
#..#S.=..
#..#J###$
#######
#).#!....
......#
#..###.###
......####
#.#.......
.........#
#.######.
รท...)....###
##.#


You could see an ooze, an adder and an orc.

Vanquished Creatures
  2 adders (D:3)
  3 leopard geckos
  An orc (D:3)
  2 giant cockroaches (D:1)
  6 goblins
  3 hobgoblins
  A quokka (D:2)
  A bat (D:1)
  4 frilled lizards
  3 kobolds
  3 rats
29 creatures vanquished.

Notes
Turn   | Place    | Note
-------+----------+-------------------------------------------
     0 | D:1      | Johnny the Demigod Earth Elementalist began the quest for
                  | the Orb.
     0 | D:1      | Reached XP level 1. HP: 14/14 MP: 5/5
   202 | D:1      | Reached skill level 3 in Earth Magic
   212 | D:1      | Reached XP level 2. HP: 13/20 MP: 0/7
   820 | D:2      | You fall into a shaft and drop 2 floors!
   823 | D:4      | Found Xotrinot's General Store.
   832 | D:4      | Bought a scroll of identify for 28 gold pieces
   832 | D:4      | Bought a scroll of identify for 28 gold pieces
   843 | D:4      | Noticed an ogre
   863 | D:3      | Reached XP level 3. HP: 26/26 MP: 2/9
   978 | D:3      | Slain by an orc

Levels and vault maps discovered:
D:1:      dpeg_arrival_stonehenge_8_columns, layout_rooms, minmay_tetromino_o2
D:2:      layout_rooms, nicolae_overflow_hidden_temple
D:3:      layout_basic, lemuel_coloured_pillars_altar, first_ration,
          serial_aquarium, aquarium_bridge_long_separate
          [aquarium_subvault_bridge, aquarium_subvault_bridge,
          aquarium_subvault_bridge, aquarium_subvault_bridge,
          aquarium_subvault_bridge, aquarium_subvault_bridge],
          aquarium_window_1, aquarium_window_1, aquarium_view_2b,
          aquarium_view_2c, aquarium_pool_split, minmay_checkerbox,
          uniq_grinder, uniq_jessica
D:4:      layout_basic, nicolae_ru_the_path_less_chosen,
          gammafunk_temple_overflow_elements, minmay_temple_entry_ruins,
          serial_shops, shop, minmay_diced_spiral

Skill      XL: |  1 |
---------------+----+-----
Earth Magic    | 3 |  3.4
Spellcasting   | 2 |  2.6
Fighting       | |  0.1
Dodging        | |  1.7
Stealth        | |  1.7
Unarmed Combat | |  0.5
Transmutations | |  0.8

Action                   || total
-------------------------++-------
Melee: Unarmed           ||    62
 Cast: Sandblast         ||    43
  Use: Scroll            ||     3
 Stab: Sleeping          ||     4
Armor: Robe              ||    18
Dodge: Dodged            ||    68
